 Dungeon Crawl Stone Soup version 0.21.1-1-g345015f (webtiles) character file.

13997 kae the Cleaver (level 12, -2/106 HPs)
             Began as a Hill Orc Fighter on June 11, 2018.
             Was a Believer of Qazlal.
             Slain by a ten-headed hydra (8 damage)
             ... on level 2 of the Lair of Beasts.
             The game lasted 00:12:38 (10061 turns).

kae the Cleaver (Hill Orc Fighter)                 Turns: 10061, Time: 00:12:39

Health: -2/106     AC: 16    Str: 24    XL:     12   Next: 11%
Magic:  11/18      EV:  8    Int:  8    God:    Qazlal [**....]
Gold:   332        SH: 15    Dex: 10    Spells: 11/11 levels left

rFire    x . .     SeeInvis +   a - +0 war axe (elec)
rCold    + + .     Gourm    .   c - +0 shield
rNeg     . . .     Faith    .   e - +1 ice dragon scales
rPois    .         Spirit   .   g - +1 helmet {SInv}
rElec    .         Reflect  .   (no cloak)
rCorr    .         Harm     .   (no gloves)
MR       .....                  (no boots)
Stlth    ..........             i - amulet of magic regeneration
HPRegen  0.27/turn              u - ring of wizardry
MPRegen  0.41/turn              (no ring)

@: about to teleport
A: no striking features
a: Upheaval, Renounce Religion


You were on level 2 of the Lair of Beasts.
You worshipped Qazlal.
Qazlal was pleased with you.
You were not hungry.

You visited 3 branches of the dungeon, and saw 12 of its levels.

You collected 332 gold pieces.

Inventory:

Hand Weapons
 a - a +0 war axe of electrocution (weapon)
Armour
 b - a +0 scale mail
 c - a +0 shield (worn)
 e - +1 ice dragon scales (worn)
 g - a +1 helmet of see invisible (worn)
Jewellery
 i - an amulet of magic regeneration (around neck)
 r - an uncursed amulet of rage
 u - a ring of wizardry (left hand)
 F - an uncursed ring of flight {unknown}
Wands
 q - a wand of paralysis (12)
 t - a wand of flame (35)
 y - a wand of polymorph (3)
 C - a wand of acid (8)
Scrolls
 h - 8 scrolls of remove curse
 j - 2 scrolls of random uselessness
 k - 2 scrolls of noise
 p - 2 scrolls of magic mapping
 x - 3 scrolls of teleportation
 z - 6 scrolls of identify
 B - 4 scrolls of vulnerability {unknown}
 D - a scroll of blinking {unknown}
 E - a scroll of amnesia
Potions
 d - a potion of might
 l - 2 potions of brilliance {unknown}
 m - 3 potions of lignification {unknown}
 n - 2 potions of degeneration {unknown}
 o - 2 potions of magic {unknown}
 s - 3 potions of flight
 A - a potion of resistance
Books
 v - a book of Changes

   Spells                             Type                      Level
   a - Beastly Appendage              Transmutation                1
   b - Sticks to Snakes               Transmutation                2
   c - Spider Form                    Transmutation/Poison         3
   d - Ice Form                       Ice/Transmutation            4
   e - Blade Hands                    Transmutation                5
 w - a book of Necromancy

   Spells                             Type                      Level
   a - Pain                           Necromancy                   1
   b - Animate Skeleton               Necromancy                   1
   c - Vampiric Draining              Necromancy                   3
   d - Regeneration                   Charms/Necromancy            3
   e - Animate Dead                   Necromancy                   4
   f - Borgnjor's Vile Clutch         Necromancy/Earth             5
Comestibles
 f - 20 rations
 G - 6 chunks of flesh


   Skills:
 + Level 10.2 Fighting
 * Level 14.3 Axes
 + Level 9.4 Armour
 + Level 9.4 Shields
 + Level 9.3 Invocations


You had 11 spell levels left.
You didn't know any spells.

Dungeon Overview and Level Annotations

Branches:
Dungeon (9/15)             Temple (1/1) D:4            Lair (2/6) D:8
 Spider (0/4) Lair:2
  Swamp: Lair:2-4    Shoals: Lair:2-4       Orc: D:9-12

Altars:
Ashenzari
Cheibriados
Dithmenos
Elyvilon
Fedhas
Gozag
Hepliaklqana
Kikubaaqudgha
Makhleb
Nemelex Xobeh
Okawaru
Qazlal
Ru
Sif Muna
Trog
Uskayaw
Vehumet
Wu Jian
Xom
Yredelemnul
Zin
The Shining One


Message History

The ten-headed hydra bites you!
* * * LOW HITPOINT WARNING * * *
The ten-headed hydra bites you but does no damage.
As you read the scroll of teleportation, it crumbles to dust.
You feel strangely unstable. The nine-headed hydra bites you.
* * * LOW HITPOINT WARNING * * *
The nine-headed hydra bites you but does no damage. x3
You block the nine-headed hydra's attack.
The nine-headed hydra bites you but does no damage. x2
You block the nine-headed hydra's attack.
The nine-headed hydra bites you.
* * * LOW HITPOINT WARNING * * *
The ten-headed hydra bites you.
* * * LOW HITPOINT WARNING * * *
The ten-headed hydra bites you.
* * * LOW HITPOINT WARNING * * *
You block the ten-headed hydra's attack.
The ten-headed hydra bites you but does no damage.
The ten-headed hydra bites you!
You die...

. .........#.#.# ......... ..
.........#..###......# # ..
##............##.....# .#
...#.............##.....#...
...#.$...(..#....#..÷....#
............##...##.<...##
...#...........###..÷...#
###.....^....#.#P.#...†..#
#####.........†D@.......##
...............D...........
......................(.....
.............................
.............................
..........<..#.###P..........
.####......##..# P...... .
##.....#.....#......
#......#.....#....


You could see a ten-headed hydra and a nine-headed hydra.

Vanquished Creatures
  2 hydras (Lair:1)
  A two-headed ogre (D:8)
  Pikel (D:9)
  3 spiny frogs
  A komodo dragon (Lair:1)
  2 jumping spiders (Lair:2)
  A troll (D:9)
  4 hippogriffs
  A redback (Lair:2)
  17 yaks (Lair:1)
  Eustachio (D:4)
  A wraith (D:8)
  A hungry ghost (D:9)
  3 water moccasins (Lair:1)
  11 porcupines
  2 orc warriors (D:6)
  2 ice beasts
  A slave (D:9)
  2 phantoms
  3 sky beasts
  6 ogres
  4 black bears (D:8)
  3 crocodiles
  The ghost of Kagorn the Skirmisher, an amateur GrFi (D:3)
  7 bullfrogs
  A gnoll sergeant (D:9)
  3 killer bees (D:7)
  12 wights
  2 howler monkeys (D:4)
  A bullfrog zombie (D:7)
  3 hounds
  A jelly (D:8)
  A gnoll shaman (D:6)
  7 orc priests
  A bullfrog skeleton (D:5)
  Jessica (D:3)
  Ijyb (D:2)
  Natasha (thrice) (D:3)
  10 orc wizards
  Terence (D:2)
  8 worker ants
  A killer bee zombie (D:6)
  A hound zombie (D:5)
  A howler monkey zombie (D:8)
  2 worker ant zombies
  11 gnolls
  9 adders
  A shadow imp (D:5)
  3 adder skeletons
  A worm (D:5)
  3 dart slugs
  9 leopard geckos
  37 orcs
  7 giant cockroaches
  6 goblins
  7 hobgoblins
  8 jackals
  5 kobolds
  6 quokkas
  3 ball pythons
  5 bats
  5 frilled lizards
  4 rats
  5 fungi (D:8)
  13 plants (D:8)
290 creatures vanquished.

Vanquished Creatures (others)
  A centaur (D:9)
  29 fungi
  6 plants
36 creatures vanquished.

Grand Total: 326 creatures vanquished

Notes
Turn   | Place    | Note
-------+----------+-------------------------------------------
     0 | D:1      | kae the Hill Orc Fighter began the quest for the Orb.
     0 | D:1      | Reached XP level 1. HP: 19/19 MP: 1/1
   193 | D:1      | Reached skill level 3 in Axes
   195 | D:1      | Reached XP level 2. HP: 19/27 MP: 2/2
   614 | D:1      | Reached XP level 3. HP: 33/33 MP: 3/3
   748 | D:2      | Noticed Terence
   757 | D:2      | Killed Terence
   899 | D:2      | Reached skill level 4 in Axes
   933 | D:2      | Reached XP level 4. HP: 40/40 MP: 4/4
  1575 | D:3      | Noticed Kagorn's ghost (amateur GrFi)
  1580 | D:3      | Noticed Jessica
  1817 | D:3      | Noticed Ijyb
  1827 | D:2      | Killed Ijyb
  1827 | D:2      | Reached XP level 5. HP: 47/47 MP: 5/5
  1940 | D:3      | Killed Kagorn's ghost
  1940 | D:3      | Reached skill level 5 in Axes
  1944 | D:3      | Killed Jessica
  1944 | D:3      | Reached XP level 6. HP: 52/55 MP: 6/6
  2025 | D:3      | Noticed Natasha
  2037 | D:3      | Killed Natasha
  2037 | D:3      | Noticed Natasha
  2044 | D:3      | Killed Natasha
  2059 | D:3      | Reached skill level 5 in Fighting
  2092 | D:3      | Reached skill level 6 in Axes
  2443 | D:3      | Noticed Natasha
  2450 | D:3      | Killed Natasha
  2709 | D:4      | Reached XP level 7. HP: 52/61 MP: 7/7
  2868 | D:4      | Reached skill level 7 in Axes
  2868 | D:4      | Reached skill level 5 in Armour
  2868 | D:4      | Reached skill level 5 in Shields
  2903 | D:4      | Found a staircase to the Ecumenical Temple.
  3005 | Temple   | Entered the Ecumenical Temple
  3172 | Temple   | Became a worshipper of Qazlal Stormbringer
  3248 | D:4      | Noticed Eustachio
  3292 | D:4      | Killed Eustachio
  3292 | D:4      | Reached skill level 1 in Invocations
  3390 | D:4      | Reached XP level 8. HP: 70/70 MP: 9/9
  3733 | D:5      | Entered Level 5 of the Dungeon
  3761 | D:5      | Reached skill level 8 in Axes
  4169 | D:5      | Found a white marble altar of Elyvilon.
  4179 | D:5      | Reached * piety under Qazlal
  4723 | D:5      | Reached skill level 9 in Axes
  5032 | D:6      | Reached XP level 9. HP: 78/78 MP: 11/11
  5838 | D:6      | Found a shadowy altar of Dithmenos.
  5869 | D:6      | Found a burning altar of Makhleb.
  6069 | D:6      | Reached ** piety under Qazlal
  6069 | D:6      | Reached skill level 10 in Axes
  6771 | D:7      | Reached skill level 5 in Invocations
  7277 | D:8      | Noticed a two-headed ogre
  7299 | D:8      | Killed a two-headed ogre
  7299 | D:8      | Reached skill level 11 in Axes
  7299 | D:8      | Reached XP level 10. HP: 21/88 MP: 14/14
  7772 | D:8      | Reached *** piety under Qazlal
  7792 | D:8      | Found a staircase to the Lair.
  8171 | D:9      | Reached skill level 12 in Axes
  8387 | D:9      | Noticed Pikel
  8405 | D:9      | Killed Pikel
  8648 | Lair:1   | Entered Level 1 of the Lair of Beasts
  8650 | Lair:1   | Reached XP level 11. HP: 97/97 MP: 16/16
  8698 | Lair:1   | Noticed a five-headed hydra
  8706 | Lair:1   | Killed a five-headed hydra
  8712 | Lair:1   | Reached skill level 13 in Axes
  8940 | Lair:1   | Noticed a seven-headed hydra
  8978 | Lair:1   | Killed a seven-headed hydra
  9494 | Lair:1   | Reached skill level 10 in Fighting
  9500 | Lair:1   | Reached skill level 14 in Axes
  9711 | Lair:2   | Found a hole to the Spider Nest.
  9723 | Lair:2   | Reached XP level 12. HP: 89/106 MP: 18/18
  9748 | Lair:2   | Noticed a death yak
  9751 | Lair:2   | Noticed a death yak
  9751 | Lair:2   | Noticed a death yak
  9756 | Lair:2   | Noticed a seven-headed hydra
 10038 | Lair:2   | Found a shadowy altar of Dithmenos.
 10038 | Lair:2   | Noticed a five-headed hydra
 10061 | Lair:2   | Slain by a ten-headed hydra

Skill      XL: |  1  2  3  4  5  6  7  8  9 10 11 |
---------------+----------------------------------+-----
Axes           | 3 4 5 6 7 9 11 12 14 | 14.3
Fighting       | 4 5 6 8 9 10 | 10.2
Armour         | 4 5 6 7 8 9 |  9.4
Shields        | 4 5 6 7 8 9 |  9.4
Invocations    | 1 3 6 7 9 |  9.3

Action                   |  1- 3 |  4- 6 |  7- 9 | 10-12 || total
-------------------------+-------+-------+-------+-------++-------
Melee: War axe           |    73 |   147 |   493 |   349 ||  1062
Invok: Upheaval          |       |       |       |    12 ||    12
  Use: Scroll            |     1 |     7 |     6 |     1 ||    15
       Potion            |       |       |     6 |       ||     6
 Stab: Distracted        |       |       |       |     1 ||     1
  Eat: Chunk             |       |     6 |    14 |    12 ||    32
Armor: Scale mail        |     3 |       |       |       ||     3
       Ice dragon scales |    28 |    79 |   219 |   117 ||   443
Dodge: Dodged            |    18 |    44 |   135 |    58 ||   255
Block: Shield            |    33 |    77 |   302 |   205 ||   617
